 Dungeon Crawl Stone Soup version 0.17-a0-1882-g750edc8 (webtiles) character file.

940 barthelm the Skirmisher (level 8, -11/75 HPs)
             Began as a Gargoyle Berserker on Sept 22, 2015.
             Was a Believer of Trog.
             Killed by divine providence
             ... invoked by an orc priest
              (14 damage)
             ... on level 5 of the Dungeon.
             The game lasted 00:14:08 (3588 turns).

barthelm the Skirmisher (Gargoyle Berserker)        Turns: 3588, Time: 00:14:08

Health: -11/75     AC: 18    Str: 35    XL:     8   Next: 12%
Magic:  8/8        EV: 11    Int:  7    God:    Trog [**....]
Gold:   132        SH:  0    Dex:  9    Spells: 0 memorised, 7 levels left

rFire  . . .     SeeInvis .     a - +0 mace
rCold  . . .     Clarity  .     h - +0 chain mail
rNeg   + . .     SustAt   .     (no shield)
rPois  ∞         Gourm    .     (no helmet)
rElec  +         Spirit   .     t - +0 cloak
rCorr  .         Warding  .     (no gloves)
rMut   .         Stasis   .     (no boots)
MR     ++...                    (no amulet)
Stlth  ..........               u - +6 ring of strength
                                p - +2 ring of protection

@: berserking, regenerating, very quick, very resistant to hostile enchantments,
extremely unstealthy
A: negative energy resistance 1, electricity resistance, unbreathing,
petrification resistance, rot immunity, AC +5
a: Burn Spellbooks, Berserk, Trog's Hand, Renounce Religion


You were on level 5 of the Dungeon.
You worshipped Trog.
Trog was pleased with you.
You were hungry.

You visited 1 branch of the dungeon, and saw 5 of its levels.

You collected 132 gold pieces.

Inventory:

Hand weapons
 a - a +0 mace (weapon)
Missiles
 d - 210 stones (quivered)
Armour
 b - a +0 animal skin
 h - a +0 chain mail (worn)
 t - a +0 cloak (worn)
Jewellery
 p - a +2 ring of protection (left hand)
 u - a +6 ring of strength (right hand)
 A - an uncursed ring of positive energy {unknown}
Scrolls
 e - a scroll of random uselessness {unknown}
 i - 5 scrolls of identify
 k - a scroll of teleportation {unknown}
 l - a scroll of enchant armour {unknown}
 n - 2 scrolls of fog {unknown}
 o - 5 scrolls of remove curse
 q - a scroll of amnesia {unknown}
 r - a scroll of recharging {unknown}
 w - 3 scrolls of immolation {unknown}
 x - a scroll of fear {unknown}
 y - a scroll of noise {unknown}
Potions
 v - a potion of resistance {unknown}
 z - a potion of heal wounds {unknown}
Books
 s - a book of Necromancy

   Spells                             Type                      Level
   a - Pain                           Necromancy                   1
   b - Animate Skeleton               Necromancy                   1
   c - Vampiric Draining              Necromancy                   3
   d - Regeneration                   Charms/Necromancy            3
   e - Animate Dead                   Necromancy                   4
   f - Control Undead                 Necromancy                   4
   Trog disapproves of the use of such an item.
Comestibles
 c - 4 bread rations
 f - 2 meat rations
 g - a royal jelly
 j - 4 beef jerkies
 m - 3 fruits


   Skills:
 + Level 5.4 Fighting
 + Level 5.2 Maces & Flails
 * Level 4.6 Armour
 + Level 5.0 Dodging


You had 7 spell levels left.
You didn't know any spells.

Dungeon Overview and Level Annotations

Branches:
Dungeon (5/15)
 Temple: D:4-7

Altars:
Dithmenos


Innate Abilities, Weirdness & Mutations

You are resistant to torment.
Your stone body is resilient (AC +5).
You are immune to poison.
You resist negative energy.
You are resistant to electric shocks.
You can survive without breathing.
You are immune to petrification.
You are immune to rotting.


Message History

You are feeling hungry.
The giant frog zombie hits you but does no damage.
You hear some strange, mumbled words.
A magic dart appears from out of thin air!
The magic dart hits you!
You are too injured to fight recklessly!
You are too injured to fight recklessly!
You are too injured to fight recklessly!
You are too injured to fight recklessly!
You are too injured to fight recklessly!
You bludgeon the giant frog zombie!!
You destroy the giant frog zombie!
Your Dodging skill increases to level 5!
The orc priest calls down the wrath of Beogh upon you.
Something smites you!
* * * LOW HITPOINT WARNING * * *
Something hits you but does no damage.
The orc priest mumbles some strange prayers to Beogh against you.
Something smites you!
You die...

..##.. ...#...#
....#.##...###. ##
#.#.#..#....... ##.#
#.............#
#...####....# .......
#......[.>..###.......
##.............#.......
#............@.....#
#.................##..
#...........{..........
#............oo........
#...........o..........
##<...÷)...............
##.p........o.........
###.......#.#.....##.
##......#.#.....#


You could see 2 orc priests, an orc wizard and an orc.

Vanquished Creatures
  Pikel (D:5)
  The ghost of barthelm the Skirmisher, an experienced GrBe of Trog (D:4)
  An ogre (D:4)
  A giant frog zombie (D:5)
  A worker ant (D:4)
  3 adders
  An orc (D:3)
  4 giant cockroaches
  8 goblins
  9 hobgoblins
  4 jackals (D:5)
  11 kobolds
  3 quokkas (D:3)
  2 ball pythons
  3 bats (D:1)
  3 giant geckos
  2 giant newts
  A quokka skeleton (D:4)
  9 rats
68 creatures vanquished.

Vanquished Creatures (others)
  A slave (D:5)
1 creature vanquished.

Grand Total: 69 creatures vanquished

Notes
Turn   | Place    | Note
--------------------------------------------------------------
     0 | D:1      | barthelm the Gargoyle Berserker began the quest for the Orb.
     0 | D:1      | Reached XP level 1. HP: 14/14 MP: 1/1
   414 | D:1      | Reached XP level 2. HP: 5/19 MP: 2/2
   752 | D:1      | Reached XP level 3. HP: 20/24 MP: 3/3
   951 | D:1      | Acquired Trog's second power
  1191 | D:2      | Reached skill level 4 in Fighting
  1888 | D:3      | Reached XP level 4. HP: 29/29 MP: 4/4
  2137 | D:3      | Found a shadowy altar of Dithmenos.
  2575 | D:4      | Noticed barthelm's ghost (experienced GrBe)
  2600 | D:4      | Noticed an ogre
  2617 | D:4      | Killed an ogre
  2617 | D:4      | Reached XP level 5. HP: 19/33 MP: 5/5
  3042 | D:4      | Killed barthelm's ghost
  3042 | D:4      | Reached XP level 6. HP: 35/39 MP: 6/6
  3377 | D:4      | Reached XP level 7. HP: 34/44 MP: 7/7
  3483 | D:5      | Entered Level 5 of the Dungeon
  3483 | D:5      | Noticed Pikel
  3498 | D:5      | Killed Pikel
  3498 | D:5      | Reached skill level 5 in Fighting
  3498 | D:5      | Reached skill level 5 in Maces & Flails
  3498 | D:5      | Reached XP level 8. HP: 23/49 MP: 8/8
  3587 | D:5      | Reached skill level 5 in Dodging
  3587 | D:5      | HP: 2/75 [orc priest/divine providence (13)]
  3588 | D:5      | Killed from afar by an orc priest

Vault maps used:
D:1:      dpeg_arrival_morbid_curiosity
D:3:      old_standard_altar, first_bread
D:4:      solitary_fountain
D:5:      temple_green, grunt_ministairs_15, moated_statue, lemuel_tele_altar,
          uniq_pikel

Action                   |  1- 3 |  4- 6 |  7- 9 || total
-------------------------+-------+-------+-------++-------
Melee: Mace              |   139 |    87 |    20 ||   246
Invok: Berserk           |       |     1 |     2 ||     3
       Trog's Hand       |       |       |     1 ||     1
  Use: Scroll            |       |     5 |       ||     5
 Stab: Sleeping          |       |     1 |       ||     1
  Eat: Chunk             |     2 |     5 |     2 ||     9
       Fruit             |       |     2 |       ||     2
